 Dungeon Crawl Stone Soup version 0.29-a0-275-g389c0b56f3 (webtiles) character file.

Game seed: 12100544195950849875

42 shoop the Vexing (level 3, 0/30 HPs)
             Began as a Deep Elf Arcane Marksman on Mar 9, 2022.
             Succumbed to an adder's poison
             ... on level 2 of the Dungeon.
             The game lasted 00:02:50 (1335 turns).

shoop the Vexing (Deep Elf Arcane Marksman)         Turns: 1335, Time: 00:02:51

Health: 0/30       AC: 21    Str:  9    XL:     3   Next: 35%
Magic:  7/7        EV:  2    Int: 17    God:
Gold:   76         SH:  0    Dex: 15    Spells: 1/5 levels left

rFire   . . .      SeeInvis .   a - +0 shortbow
rCold   . . .      Faith    .   (shield currently unavailable)
rNeg    . . .      Spirit   .   (body armour currently unavailable)
rPois   +          Reflect  .   (helmet currently unavailable)
rElec   .          Harm     .   (cloak currently unavailable)
rCorr   .          Rampage  .   (gloves currently unavailable)
Will    .....      NoTele   +   (boots currently unavailable)
Stlth   ++........              (no amulet)
HPRegen 0.10/turn               (no ring)
MPRegen 0.10/turn               (no ring)

@: lethally poisoned (0 -> -8), tree-form, hasted, very quick
A: stationary, stasis, torment immunity, boosted hp
a: no special abilities


You were on level 2 of the Dungeon.
You were a tree.
You visited 1 branch of the dungeon, and saw 2 of its levels.

You collected 76 gold pieces.

Inventory:

Hand Weapons
 a - a +0 shortbow (weapon)
Armour
 b - a +0 robe (melded)
 j - a +0 pair of gloves (melded)
Scrolls
 c - a scroll of vulnerability
 i - a scroll of holy word {unknown}
 k - a scroll of identify {unknown}
Potions
 h - a potion of mutation {unknown}


   Skills:
 - Level 1.0 Fighting
 - Level 4.0 Bows
 - Level 2.5 Dodging
 - Level 2.0 Stealth
 + Level 1.7 Spellcasting
 * Level 4.2 Hexes
 + Level 0.4 Fire Magic


You had one spell level left.
You knew the following spells:

 Your Spells              Type           Power      Damage    Failure   Level
a - Slow                  Hex            60%        N/A       3%          1
c - Inner Flame           Hex/Fire       9%         N/A       24%         3

Your spell library contained the following spells:

 Spells                   Type           Power      Damage    Failure   Level
 Portal Projectile        Hex/Tloc       16%        N/A       26%         3
 Cause Fear               Hex            7%         N/A       34%         4


Dungeon Overview and Level Annotations

Branches:
Dungeon (2/15)

Altars:


Message History

You shoot an arrow. The arrow barely misses the adder.
The adder bites you. The adder bites you but does no damage.
Shoot: a) +0 shortbow
Press: ? - help, Shift-Dir - straight line, f/p - adder
Aim: an adder (almost dead, 42% to hit)
You shoot an arrow. The arrow barely misses the adder.
The adder closely misses you. The adder bites you.
You are poisoned.
The adder poisons you!
Shoot: a) +0 shortbow
Press: ? - help, Shift-Dir - straight line, f/p - adder
Aim: an adder (almost dead, 42% to hit)
You shoot an arrow. The arrow closely misses the adder.
You feel sick. The adder misses you.
Unknown command.
You aren't carrying any items that you can evoke.
Unknown command.
Shoot: a) +0 shortbow
Press: ? - help, Shift-Dir - straight line, f/p - adder
Aim: an adder (almost dead, 42% to hit)
You shoot an arrow. The arrow barely misses the adder.
You feel sick. The adder bites you. x2
You are more poisoned.
The adder poisons you!
Shoot: a) +0 shortbow
Press: ? - help, Shift-Dir - straight line, f/p - adder
Aim: an adder (almost dead, 42% to hit)
You shoot an arrow. The arrow barely misses the adder.
* * * LOW HITPOINT WARNING * * *
You feel sick. The adder barely misses you. The adder bites you.
* * * LOW HITPOINT WARNING * * *
You are more poisoned.
The adder poisons you!
It was a potion of haste.
You feel yourself speed up.
* * * LOW HITPOINT WARNING * * *
You feel sick. The adder barely misses you.
It was a potion of lignification.
You turn into a tree.
Your +0 pair of gloves melds into your body.
Your +0 robe melds into your body.
Your roots penetrate the ground.
You die...

.# #. #. ##.......#
..##. .. #.......#
...#. . .. #.......#
..... ....# #.......#
..... ....# #.......#
..... #...## #.......#
.$...###...###.......#
.....<##.....>.......#
.....†.........S♣....#
....#..#.#....###.#.##
....##...##...# #...#
.....$.S......# ##..#
..............# ..#
....##.<....... ..#
.... ##.#...... .# #.#
#.######^ .# #$ #.#


You could see an adder.

Vanquished Creatures
  An adder (D:2)
  A dart slug (D:1)
  2 bats
  4 endoplasms
  2 hobgoblins (D:1)
  2 quokkas (D:1)
  5 ball pythons
  4 frilled lizards
  7 kobolds (D:1)
  3 rats
31 creatures vanquished.

Notes
Turn   | Place    | Note
-------+----------+-------------------------------------------
     0 | D:1      | shoop the Deep Elf Arcane Marksman began the quest for the
                  | Orb.
     0 | D:1      | Reached XP level 1. HP: 11/11 MP: 5/5
   155 | D:1      | Reached skill level 1 in Stealth
   165 | D:1      | Reached XP level 2. HP: 16/16 MP: 6/6
   893 | D:1      | Reached XP level 3. HP: 15/20 MP: 7/7
   899 | D:1      | Learned a level 3 spell: Inner Flame
   973 | D:2      | HP: 1/20 [poisoned by an adder]
   982 | D:2      | Reached skill level 1 in Fighting
  1334 | D:2      | HP: 1/20 [poisoned by an adder]
  1335 | D:2      | Succumbed to an adder's poison

Illustrated notes

Levels and vault maps discovered:
D:1:      lightli_arrival_isolated_outpost, layout_basic, wad_floor_pattern_1
D:2:      layout_rooms, hangedman_feature_mirror, uniq_sigmund

Skill      XL: |  1  2  3 |
---------------+----------+-----
Bows           | 3 4 |  4.0
Stealth        | 1 2 |  2.0
Fighting       | 1 |  1.0
Dodging        | |  2.5
Spellcasting   | |  1.7
Hexes          | |  4.2
Fire Magic     | |  0.4

Action                   || total
-------------------------++-------
 Fire: Shortbow          ||   113
 Cast: Slow              ||     3
  Use: Potion            ||     5
Armor: Robe              ||    19
Dodge: Dodged            ||    43

Table legend: (Time is in decaauts)
 A = Elapsed time spent in this place.
 B = Non-inter-level travel time spent in this place.
 C = Inter-level travel time spent in this place.
 D = Time resting spent in this place.
 E = Time spent auto-exploring this place.
 F = Levels seen in this place.
 G = Mean time per level.
                   A        B        C        D        E       F      G
               +--------+--------+--------+--------+--------+-----+--------+
         Total |   1375 |   1350 |     25 |    314 |    761 |   2 |  687.5 |
       Dungeon |   1375 |   1350 |     25 |    314 |    761 |   2 |  687.5 |
               +--------+--------+--------+--------+--------+-----+--------+

Top non-repeatable levels by time:
     D:1: 975 daAuts
     D:2: 400 daAuts
